 Dungeon Crawl Stone Soup version 0.29-a0-330-g52719c12eb (webtiles) character file.

Game seed: 8107321816990479816

33961 night the Arsonist (level 13, -12/107 HPs)
             Began as a Red Draconian Venom Mage on May 4, 2022.
             Was an Elder of Vehumet.
             Mangled by a goliath frog (16 damage)
             ... on level 6 of the Lair of Beasts.
             The game lasted 00:53:53 (17615 turns).

night the Arsonist (Red Draconian Venom Mage)      Turns: 17615, Time: 00:53:54

Health: -12/107    AC: 14    Str: 11    XL:     13   Next: 39%
Magic:  9/26       EV: 12    Int: 18    God:    Vehumet [****..]
Gold:   2401       SH:  0    Dex: 18    Spells: 12/30 levels left

rFire   + + .      SeeInvis .   b - +11 dagger "Quses" {vorpal, rF+ Dex+4}
rCold   . . .      Faith    .   (no shield)
rNeg    . . .      Spirit   .   (body armour unavailable)
rPois   .          Reflect  .   (helmet restricted)
rElec   .          Harm     .   p - +0 cloak
rCorr   +          Rampage  .   S - +0 pair of gloves
Will    .....                   (no boots)
Stlth   ++........              v - amulet of regeneration
HPRegen 1.07/turn               h - +4 ring of protection
MPRegen 0.20/turn               W - ring of resist corrosion

@: lethally poisoned (-12 -> -13)
A: breathe fire, AC +8, unfitting armour, fire resistance 1, cold-blooded
a: Breathe Fire, Renounce Religion


You were on level 6 of the Lair of Beasts.
You worshipped Vehumet.
Vehumet was greatly pleased with you.
You visited 3 branches of the dungeon, and saw 17 of its levels.

You collected 2401 gold pieces.

Inventory:

Hand Weapons
 a - a +0 shortbow
 b - the +11 dagger "Quses" (weapon) {vorpal, rF+ Dex+4}
   (You found it on level 9 of the Dungeon)

   It inflicts extra damage upon your enemies.
   Dex:       It affects your dexterity (+4).
   rF:        It protects you from fire.
 d - a +0 dagger of protection
 H - the +7 whip "Moivo" {elec, rF+ rCorr MP+9}
   (You found it on level 8 of the Dungeon)

   It occasionally discharges a powerful burst of electricity upon striking a
   foe.
   rF:        It protects you from fire.
   MP:        It affects your magic capacity (+9).
   rCorr:     It protects you from acid and corrosion.
 J - a +6 rapier of flaming
 K - a +0 long sword of protection
 O - a +0 scimitar
Missiles
 e - 404 stones
 m - 46 poisoned darts
 F - 2 boomerangs
 M - a curare-tipped dart
Armour
 p - a +0 cloak (worn)
 S - a +0 pair of gloves (worn)
Magical Staves
 L - a staff of fire
Jewellery
 h - a +4 ring of protection (left hand)
 n - a ring of poison resistance
 v - an amulet of regeneration (around neck)
 B - a +4 ring of protection
 I - a ring of protection from cold
 N - an amulet of the acrobat
 W - a ring of resist corrosion (right hand)
Wands
 y - a wand of paralysis (18)
 P - a wand of flame (16)
 Q - a wand of digging (6)
 R - a wand of mindburst (3)
Scrolls
 g - 5 scrolls of magic mapping
 j - 4 scrolls of vulnerability
 l - 3 scrolls of enchant armour
 o - 2 scrolls of silence
 q - 3 scrolls of fear
 t - a scroll of brand weapon
 A - 5 scrolls of identify
 E - 4 scrolls of amnesia
 G - a scroll of fog
 U - a scroll of teleportation
 X - 3 scrolls of blinking
 Z - a scroll of enchant weapon
Potions
 c - 2 potions of invisibility
 f - 6 potions of curing
 i - a potion of cancellation
 k - a potion of brilliance
 r - a potion of haste
 s - 3 potions of might
 u - 3 potions of lignification
 w - 2 potions of attraction
 x - a potion of flight
 z - 4 potions of heal wounds
 C - a potion of degeneration
 D - 2 potions of magic
 T - a potion of berserk rage
 V - a potion of ambrosia
 Y - a potion of mutation


   Skills:
 + Level 8.0 Fighting
 + Level 5.8(7.4) Short Blades
 - Level 6.9(7.9) Long Blades
 + Level 9.7 Bows
 - Level 1.7 Dodging
 - Level 1.7 Stealth
 + Level 9.2 Spellcasting
 + Level 1.8 Conjurations
 - Level 1.0 Transmutations
 * Level 13.5 Fire Magic
 - Level 8.9 Poison Magic


You had 12 spell levels left.
You knew the following spells:

 Your Spells              Type           Power      Damage    Failure   Level
a - Sting                 Tmut/Pois      100%       1d8       1%          1
b - Poisonous Vapours     Pois/Air       48%        N/A       1%          2
c - Mephitic Cloud        Conj/Pois/Air  21%        N/A       1%          3
d - Olgreb's Toxic Radia  Pois           40%        N/A       1%          4
e - Foxfire               Conj/Fire      100%       2x1d9     1%          1
f - Scorch                Fire           100%       2d10      1%          2
g - Fireball              Conj/Fire      18%        3d9       2%          5

Your spell library contained the following spells:

 Spells                   Type           Power      Damage    Failure   Level
 Shock                    Conj/Air       44%        1d5       1%          1
 Spider Form              Tmut/Pois      26%        N/A       3%          3
 Dazzling Flash           Conj/Hex       22%        N/A       4%          3
 Summon Small Mammal      Summ           32%        N/A       9%          1
 Wereblood                Tmut           11%        N/A       9%          2
 Blink                    Tloc           16%        N/A       13%         2
 Ensorcelled Hibernation  Hex/Ice        16%        N/A       13%         2
 Sublimation of Blood     Necr           8%         N/A       13%         2
 Airstrike                Air            4%         N/A       22%         4
 Call Canine Familiar     Summ           8%         N/A       26%         3
 Lesser Beckoning         Tloc           8%         N/A       26%         3
 Portal Projectile        Hex/Tloc       16%        N/A       26%         3
 Summon Guardian Golem    Hex/Summ       8%         N/A       26%         3
 Swiftness                Air            8%         N/A       26%         3
 Tukima's Dance           Hex            8%         N/A       26%         3
 Irradiate                Conj/Tmut      6%         3d15      32%         5
 Yara's Violent Unravell  Hex/Tmut       5%         3d4       43%         5
 Lee's Rapid Deconstruct  Erth           4%         3d6*      50%         5
 Petrify                  Tmut/Erth      10%        N/A       56%         4
 Anguish                  Hex/Necr       4%         N/A       65%         4
 Passage of Golubria      Tloc           8%         N/A       65%         4
 Blade Hands              Tmut           5%         N/A       85%         5
 Iron Shot                Conj/Erth      5%         9d2       88%         6
 Agony                    Necr           8%         N/A       94%         5
 Excruciating Wounds      Necr           4%         N/A       94%         5
 Manifold Assault         Tloc           8%         N/A       94%         5
 Silence                  Hex/Air        4%         N/A       94%         5
 Statue Form              Tmut/Erth      6%         N/A       100%        6
 Summon Hydra             Summ           4%         N/A       100%        7
 Borgnjor's Revivificati  Necr           4%         N/A       100%        8
 Necromutation            Tmut/Necr      5%         N/A       100%        8
 Death's Door             Necr           4%         N/A       100%        9
 Animate Armour           Summ/Erth      Unusable   N/A       N/A         4

Dungeon Overview and Level Annotations

Branches:
Dungeon (10/15)            Temple (1/1) D:7            Lair (6/6) D:9
  Swamp (0/4) Lair:2       Spider (0/4) Lair:4        Slime (0/5) Lair:5
    Orc: D:9-12

Altars:
Ashenzari
Cheibriados
Dithmenos
Gozag
Kikubaaqudgha
Makhleb
Nemelex Xobeh
Okawaru
Qazlal
Ru
Sif Muna
Trog
Uskayaw
Vehumet
Yredelemnul
Zin
The Shining One
Jiyva

Shops:
D:8 (

Annotations:
D:4 Crownlay's ghost, amateur GnIE


Innate Abilities, Weirdness & Mutations

You can breathe blasts of fire.
Your fiery red scales are hard. (AC +8)
You cannot fit into any form of body armour.
Your flesh is heat resistant. (rF+)
You are cold-blooded and may be slowed by cold attacks.


Message History

The fireball engulfs the goliath frog!
The goliath frog is heavily wounded.
The fireball engulfs the elephant!!
You kill the elephant!
Vehumet accepts your kill.
You feel your power returning.
The bullfrog is poisoned.
You have got your breath back.
You feel sick.
You hear a loud, deep croak!
You hear a croak.
The cane toad misses you. The goliath frog closely misses you.
The cane toad stings you.
Casting: Fireball (dangerous; 2% risk of failure)
Confirm with . or Enter, or press ? or * to list all spells.
Aiming: Mephitic Cloud (safe; 1% risk of failure)
Press: ? - help, Shift-Dir - straight line, p - cane toad That beam is likely to hit you.
Continue anyway?
The ball explodes into a vile cloud!
The stinking cloud engulfs the cane toad but does no damage.
The cane toad is heavily wounded.
The stinking cloud engulfs the goliath frog but does no damage.
The goliath frog is severely wounded.
The stinking cloud engulfs the cane toad but does no damage.
The cane toad is heavily wounded.
The stinking cloud engulfs you but does no damage.
You are engulfed in noxious fumes.
You choke on the stench!
You are confused.
Your toxic aura wanes.
You feel sick.
You hear a loud, deep croak! x2
The cane toad stings you. The goliath frog hits you from afar!
You are splashed with acid.
You resist. The cane toad stings you! x2
* * * LOW HITPOINT WARNING * * *
You feel less confused.
You feel sick. The goliath frog hits you from afar!
* * * LOW HITPOINT WARNING * * *
You are splashed with acid.
You resist.
* * * LOW HITPOINT WARNING * * *
The cane toad stings you but does no damage.
The goliath frog hits you from afar!
You die...

### ####☼## .
##..°F@#
^...#...FF##P#.
.......<.F......
........).......
................
.........P....##
....PP..#P...)..
...............#
..............##


You could see a goliath frog (extremely poisoned), 2 cane toads and a bullfrog
(poisoned).

Vanquished Creatures
  2 hydras
  A two-headed ogre (D:8)
  The ghost of kae the Arsonist, a novice DgFE (D:9)
  Pikel (D:9)
  A wizard (D:9)
  2 deep elf pyromancers
  A cyclops (D:9)
  5 oklob plants
  3 manticores (D:9)
  9 elephants
  6 black mambas
  A torpor snail (Lair:5)
  10 cane toads
  Maggie (D:7)
  7 komodo dragons
  A tengu conjurer (D:9)
  A rime drake (Lair:2)
  2 polar bears
  6 dream sheep (Lair:5)
  9 blink frogs
  Sigmund (D:3)
  A culicivora (shapeshifter) (D:9)
  3 wyverns
  3 culicivoras (Lair:4)
  A ynoxinul (D:9)
  32 yaks
  A basilisk (Lair:2)
  A steam dragon (Lair:3)
  2 vampire mosquitoes (Lair:6)
  9 water moccasins
  Edmund (D:5)
  An acid dragon (D:9)
  2 orc warriors
  2 ice beasts
  2 sky beasts
  2 black bears
  4 ogres
  7 centaurs
  5 wolves (Lair:2)
  4 lemures (D:9)
  A phantom (D:6)
  4 kobold brigands
  11 bullfrogs
  A necrophage (D:6)
  A gnoll sergeant (D:10)
  3 scorpions
  4 wights (D:6)
  9 killer bees
  3 electric eels
  2 howler monkeys (D:8)
  A jelly (D:4)
  A centaur skeleton (D:4)
  7 orc priests
  5 hounds
  2 iguanas
  7 orc wizards
  2 hell rats (Lair:1)
  10 gnolls
  6 adders
  5 river rats (Lair:1)
  A white imp (D:7)
  2 worms (D:2)
  9 dart slugs
  32 orcs
  10 ball pythons
  10 endoplasms
  4 giant cockroaches
  7 goblins
  6 hobgoblins
  2 jackals (D:4)
  4 quokkas
  2 bats
  3 frilled lizards
  23 kobolds
  9 rats
  A butterfly (Lair:1)
364 creatures vanquished.

Vanquished Creatures (collateral kills)
  A foxfire (Lair:5)
1 creature vanquished.

Vanquished Creatures (others)
  188 foxfires
  6 fungi
  43 plants
237 creatures vanquished.

Grand Total: 602 creatures vanquished

Notes
Turn   | Place    | Note
-------+----------+-------------------------------------------
     0 | D:1      | night the Draconian Venom Mage began the quest for the Orb.
     0 | D:1      | Reached XP level 1. HP: 14/14 MP: 3/3
   319 | D:1      | Reached XP level 2. HP: 19/20 MP: 5/5
   422 | D:1      | Learned a level 2 spell: Poisonous Vapours
  1014 | D:1      | Reached skill level 1 in Long Blades
  1014 | D:1      | Reached XP level 3. HP: 21/26 MP: 2/6
  1117 | D:1      | Found a faded altar of an unknown god.
  1277 | D:2      | Reached skill level 1 in Bows
  2163 | D:2      | Learned a level 3 spell: Mephitic Cloud
  2192 | D:2      | Reached XP level 4. HP: 33/33 MP: 3/7
  2688 | D:3      | Noticed Sigmund
  2705 | D:3      | Killed Sigmund
  2706 | D:3      | Reached skill level 2 in Long Blades
  2706 | D:3      | Reached skill level 2 in Bows
  2706 | D:3      | Reached XP level 5. HP: 30/38 MP: 0/9
  2846 | D:2      | Reached XP level 6. HP: 36/45 MP: 5/10
  3172 | D:3      | Reached skill level 5 in Poison Magic
  4236 | D:4      | Found a transporter.
  4242 | D:4      | Noticed Crownlay's ghost (amateur GnIE)
  4410 | D:4      | Your scales start taking on a fiery red colour.
  4410 | D:4      | Reached XP level 7. HP: 47/50 MP: 0/12
  4410 | D:4      | Gained mutation: Your flesh is heat resistant. (rF+) [Red
                  | Draconian growth]
  4524 | D:4      | Learned a level 4 spell: Olgreb's Toxic Radiance
  4588 | D:4      | Found a transporter.
  5068 | D:5      | Entered Level 5 of the Dungeon
  5535 | D:5      | Reached XP level 8. HP: 57/57 MP: 10/14
  5872 | D:5      | Noticed Edmund
  5889 | D:5      | Killed Edmund
  6579 | D:6      | Reached skill level 5 in Spellcasting
  6748 | D:6      | Reached skill level 5 in Long Blades
  6748 | D:6      | Reached XP level 9. HP: 62/62 MP: 16/16
  7748 | D:7      | Reached skill level 5 in Bows
  7841 | D:7      | Found a staircase to the Ecumenical Temple.
  7872 | Temple   | Entered the Ecumenical Temple
  7993 | Temple   | Became a worshipper of Vehumet
  8308 | D:7      | Noticed Maggie
  8324 | D:7      | Killed Maggie
  8325 | D:7      | Reached skill level 1 in Fire Magic
  8567 | D:8      | Reached skill level 2 in Fire Magic
  8674 | D:8      | Noticed a two-headed ogre
  8700 | D:8      | Killed a two-headed ogre
  8701 | D:8      | Reached skill level 3 in Fire Magic
  8701 | D:8      | Reached XP level 10. HP: 69/69 MP: 8/19
  8829 | D:8      | Found an iron altar of Okawaru.
  8855 | D:8      | Noticed a deep elf pyromancer
  8875 | D:8      | Reached skill level 4 in Fire Magic
  8898 | D:8      | Killed a deep elf pyromancer
  9088 | D:8      | Identified the +7 whip "Moivo" {elec, rF+ rCorr MP+9}
  9210 | D:8      | Found Becajog's Weapon Boutique.
  9547 | D:9      | Noticed kae's ghost (novice DgFE)
  9547 | D:9      | Found a runed translucent door.
  9645 | D:9      | Noticed Pikel
  9724 | D:9      | Killed Pikel
  9725 | D:9      | Reached skill level 5 in Fire Magic
  9791 | D:9      | Identified a scroll of acquirement
  9792 | D:9      | Acquired 1110 gold pieces
  9873 | D:9      | Reached * piety under Vehumet
  9873 | D:9      | Offered knowledge of Foxfire by Vehumet.
  9880 | D:9      | Learned a level 1 spell: Foxfire
 10089 | D:9      | Found a staircase to the Lair.
 10203 | D:9      | Reached skill level 1 in Fighting
 10203 | D:9      | Reached skill level 6 in Fire Magic
 10222 | D:9      | Reached skill level 2 in Fighting
 10429 | D:9      | Reached skill level 7 in Fire Magic
 10583 | D:9      | Noticed a manticore
 10583 | D:9      | Noticed a wizard
 10583 | D:9      | Noticed a manticore
 10583 | D:9      | Noticed a deep elf pyromancer
 10589 | D:9      | Killed a wizard
 10589 | D:9      | Killed a manticore
 10589 | D:9      | Killed a manticore
 10590 | D:9      | Reached skill level 8 in Fire Magic
 10590 | D:9      | Reached XP level 11. HP: 59/82 MP: 21/21
 10590 | D:9      | Killed a deep elf pyromancer
 10655 | D:9      | Identified the +11 dagger "Quses" {vorpal, rF+ Dex+4}
 10815 | D:9      | Got the Incunabulum of the Mountains
 10823 | D:9      | Killed kae's ghost
 10824 | D:9      | Reached skill level 9 in Fire Magic
 10866 | D:10     | Entered Level 10 of the Dungeon
 10867 | D:10     | Reached ** piety under Vehumet
 10867 | D:10     | Offered knowledge of Scorch by Vehumet.
 10875 | D:10     | Learned a level 2 spell: Scorch
 11545 | Lair:1   | Entered Level 1 of the Lair of Beasts
 11545 | Lair:1   | Noticed a seven-headed hydra
 11555 | Lair:1   | Killed a seven-headed hydra
 11556 | Lair:1   | Reached skill level 1 in Short Blades
 11917 | Lair:1   | Reached skill level 5 in Fighting
 11991 | Lair:1   | Reached skill level 10 in Fire Magic
 11997 | Lair:1   | Offered knowledge of Inner Flame by Vehumet.
 12066 | Lair:1   | Reached skill level 2 in Short Blades
 12525 | Lair:1   | Reached XP level 12. HP: 89/94 MP: 14/23
 12915 | Lair:2   | Reached *** piety under Vehumet
 12997 | Lair:2   | Noticed a seven-headed hydra
 13021 | Lair:2   | Killed a seven-headed hydra
 13022 | Lair:2   | Reached skill level 11 in Fire Magic
 13544 | Lair:2   | Found a staircase to the Swamp.
 14064 | Lair:2   | Offered knowledge of Conjure Flame by Vehumet.
 14084 | Lair:2   | Identified the +7 ring mail of the Bard {rPois Str+6}
 14560 | Lair:3   | Reached skill level 12 in Fire Magic
 15032 | Lair:3   | Found a bloodstained altar of Trog.
 15709 | Lair:4   | Reached skill level 5 in Short Blades
 15926 | Lair:4   | Found a hole to the Spider Nest.
 16351 | Lair:5   | Reached XP level 13. HP: 89/105 MP: 14/25
 16356 | Lair:5   | Reached **** piety under Vehumet
 16374 | Lair:5   | Offered knowledge of Fireball by Vehumet.
 16375 | Lair:5   | Reached skill level 13 in Fire Magic
 16386 | Lair:5   | Learned a level 5 spell: Fireball
 16703 | Lair:5   | Found a staircase to the Slime Pits.
 16705 | Lair:5   | Found a viscous altar of Jiyva.
 16735 | Lair:5   | HP: 8/107 [black mamba (14)]
 16745 | Lair:5   | HP: 13/107 [yak (5)]
 16751 | Lair:5   | Reached skill level 1 in Conjurations
 17422 | Lair:6   | Entered Level 6 of the Lair of Beasts
 17615 | Lair:6   | HP: 8/107 [goliath frog (11)]
 17615 | Lair:6   | Mangled by a goliath frog

Illustrated notes

Levels and vault maps discovered:
D:1:      tarquinn_simple_flora_water_d, layout_loops_ring,
          shapermc_ecumenical_altar_mp_highgroup, minmay_pentomino_r2
D:2:      kennysheep_big_flooded_room, layout_basic, hex_tiny
D:3:      kennysheep_slugbush, layout_rooms, uniq_sigmund
D:4:      layout_rooms, gammafunk_ghost_mausoleum, kennysheep_dice
D:5:      wander_river, layout_loops_ring, kennysheep_decorative_pillar,
          minmay_crystal_room, minmay_crystal_water, serial_bayou_lake_a,
          uniq_edmund
D:6:      layout_basic, grunt_ministairs_9, minmay_tree_intersection,
          chequers_mini_garden
D:7:      layout_basic, minmay_temple_entry_steel_oval,
          kb_lookout_dungeons_type, uniq_maggie
D:8:      layout_loops_ring, okawaru_trees_2, serial_shops,
          nicolae_shop_bloodbath_and_beyond
D:9:      minmay_shrinking_squares, layout_basic, lair_entry_dummy,
          hellmonk_ghost_big_iron, kennysheep_diamond, serial_park_tiny_2,
          hive_lemuel, uniq_pikel
D:10:     layout_roguey
Temple:   mainiacjoe_temple_hex_bubbles
Lair:1:   layout_gridlike, kennysheep_rathole, lemuel_fruit_fields,
          infiniplex_staircase_pool_2, serial_bayou_shore_a
Lair:2:   minmay_lair_oklob_chamber, layout_long_grid, swamp_mist
Lair:3:   layout_cellular_growth, lemuel_oklob_altar, grunt_megastairs_4
Lair:4:   layout_regular_city, hellmonk_spider_entry_life_and_decay
Lair:5:   layout_gridlike, slime_altar_1
Lair:6:   minmay_lair_end_frog_pond, layout_gridlike, minmay_hedge_maze

Skill      XL: |  1  2  3  4  5  6  7  8  9 10 11 12 13 |
---------------+----------------------------------------+-----
Long Blades    | 1 2 3 5 6 |  6.9
Bows           | 1 2 3 4 5 7 8 9 |  9.7
Spellcasting   | 3 4 5 6 7 8 9 |  9.2
Poison Magic   | 4 5 6 8 |  8.9
Fire Magic     | 3 8 10 12 13 | 13.5
Fighting       | 3 5 7 8 |  8.0
Short Blades   | 2 5 |  5.8
Conjurations   | 1 |  1.8
Dodging        | |  1.7
Stealth        | |  1.7
Transmutations | |  1.0

Action                   |  1- 3 |  4- 6 |  7- 9 | 10-12 | 13-15 || total
-------------------------+-------+-------+-------+-------+-------++-------
Melee: Dagger            |    82 |    48 |       |   188 |    41 ||   359
       Tailslap          |    10 |    13 |    30 |    43 |    12 ||   108
       Punch             |       |     1 |     2 |     4 |     1 ||     8
       Long sword        |       |    82 |   153 |    17 |       ||   252
       Whip              |       |       |       |    82 |       ||    82
 Fire: Shortbow          |       |       |    25 |    80 |       ||   105
Throw: Dart              |       |     1 |       |       |       ||     1
 Cast: Sting             |    58 |    31 |    14 |    86 |    17 ||   206
       Poisonous Vapours |       |    31 |    36 |    34 |     5 ||   106
       Olgreb's Toxic Ra |       |       |    14 |    39 |    14 ||    67
       Mephitic Cloud    |       |       |     4 |     3 |     1 ||     8
       Foxfire           |       |       |       |    77 |    27 ||   104
       Scorch            |       |       |       |    19 |    15 ||    34
       Fireball          |       |       |       |       |     8 ||     8
 Abil: Breathe Fire      |       |       |    13 |    22 |     5 ||    40
Evoke: Wand              |       |       |       |     1 |     2 ||     3
  Use: Scroll            |     5 |     5 |     6 |     3 |     9 ||    28
       Potion            |       |       |       |       |     4 ||     4
 Stab: Sleeping          |     4 |     1 |     2 |     4 |     1 ||    12
       Confused          |       |       |     3 |     2 |       ||     5
Armor: Skin              |    39 |   115 |   118 |   280 |    57 ||   609
Dodge: Dodged            |    49 |   153 |   144 |   341 |    67 ||   754

Table legend: (Time is in decaauts)
 A = Elapsed time spent in this place.
 B = Non-inter-level travel time spent in this place.
 C = Inter-level travel time spent in this place.
 D = Time resting spent in this place.
 E = Time spent auto-exploring this place.
 F = Levels seen in this place.
 G = Mean time per level.
                   A        B        C        D        E       F      G
               +--------+--------+--------+--------+--------+-----+--------+
         Total |  17675 |  17086 |    589 |   1024 |  12701 |  17 | 1039.7 |
       Dungeon |  11440 |  11071 |    369 |    622 |   8096 |  10 | 1144.0 |
        Temple |    196 |    155 |     41 |      0 |    152 |   1 |  196.0 |
          Lair |   6037 |   5859 |    178 |    402 |   4453 |   6 | 1006.2 |
               +--------+--------+--------+--------+--------+-----+--------+

Top non-repeatable levels by time:
     D:2: 1572 daAuts
  Lair:1: 1367 daAuts
  Lair:3: 1355 daAuts
     D:9: 1343 daAuts
     D:5: 1326 daAuts
  Lair:2: 1272 daAuts
     D:3: 1242 daAuts
     D:1: 1233 daAuts
  Lair:5: 1229 daAuts
     D:6: 1227 daAuts
     D:8: 1065 daAuts
     D:4: 1056 daAuts
  Lair:4: 774 daAuts
     D:7: 722 daAuts
    D:10: 650 daAuts
